 Dungeon Crawl Stone Soup version 0.20.1-1-g8b1a95d66d (webtiles) character file.

12535 Popi the Carver (level 12, -3/88 HPs)
             Began as a Human Fighter on Dec 17, 2017.
             Was a Priest of the Shining One.
             Killed from afar by Harold (19 damage)
             ... with a bolt of fire
             ... on level 10 of the Dungeon.
             The game lasted 01:16:47 (12351 turns).

Popi the Carver (Human Fighter)                    Turns: 12351, Time: 01:16:48

Health: -3/88      AC: 26    Str: 25    XL:     12   Next: 21%
Magic:  22/22      EV: 13    Int: 10    God:    the Shining One [***...]
Gold:   1572       SH: 20    Dex: 18    Spells: 25/25 levels left

rFire    . . .     SeeInvis .   n - +1 falchion (freeze)
rCold    . . .     Gourm    .   t - +3 large shield {AC+3}
rNeg     + . .     Faith    .   j - +2 plate armour
rPois    .         Spirit   .   p - +0 helmet
rElec    .         Reflect  .   q - +0 cloak
rCorr    .         Harm     .   o - +0 pair of gloves
MR       .....                  v - +2 pair of boots of the Assassin {Detection Stab+ Stlth++}
Stlth    ..........             A - amulet of magic regeneration
Regen    0.3/turn               (no ring)
MPRegen  0.3/turn               (no ring)

@: mighty, agile, hasted, glowing, very quick
A: no striking features
a: Divine Shield, Renounce Religion


You were on level 10 of the Dungeon.
You worshipped the Shining One.
The Shining One was most pleased with you.
You were very hungry.

You visited 2 branches of the dungeon, and saw 12 of its levels.
You also visited: Bailey.

You collected 1806 gold pieces.
You spent 234 gold pieces at shops.

Inventory:

Hand Weapons
 a - a +0 long sword
 n - a +1 falchion of freezing (weapon)
 x - a +0 great sword of freezing
 M - a +1 scimitar of flaming
Armour
 j - a +2 plate armour (worn)
 o - a +0 pair of gloves (worn)
 p - a +0 helmet (worn)
 q - a +0 cloak (worn)
 t - a +3 large shield of protection (worn)
 v - the +2 pair of boots of the Assassin (worn) {Detection Stab+ Stlth++}
   (You found it in a bailey)

   It makes you much more stealthy.
Jewellery
 g - an uncursed ring of see invisible
 A - an amulet of magic regeneration (around neck)
 I - a +2 ring of intelligence {unknown}
Wands
 c - a wand of iceblast (2/15)
 k - a wand of flame (35/48)
 r - a wand of lightning (5/15)
 C - a wand of disintegration (14/24)
 G - a wand of iceblast (4/15)
Scrolls
 l - a scroll of identify
 u - a scroll of teleportation
 y - a scroll of summoning {unknown}
 B - 2 scrolls of remove curse
 D - a scroll of recharging
 H - a scroll of amnesia
Potions
 b - 2 potions of mutation
 e - a potion of invisibility
 h - 2 potions of haste
 E - a potion of brilliance
 L - a potion of lignification
Books
 F - a book of Conjurations

   Spells                             Type                      Level
   a - Magic Dart                     Conjuration                  1
   b - Searing Ray                    Conjuration                  2
   c - Dazzling Spray                 Conjuration/Hexes            3
   d - Fulminant Prism                Conjuration/Hexes            4
   e - Force Lance                    Conjuration/Translocation    4
   f - Iskenderun's Mystic Blast      Conjuration                  4
 K - a book of Changes

   Spells                             Type                      Level
   a - Beastly Appendage              Transmutation                1
   b - Sticks to Snakes               Transmutation                2
   c - Spider Form                    Transmutation/Poison         3
   d - Ice Form                       Ice/Transmutation            4
   e - Blade Hands                    Transmutation                5
Comestibles
 f - 6 bread rations
 i - 3 royal jellies
 m - 7 meat rations
 z - 7 fruits


   Skills:
 + Level 6.2 Fighting
 - Level 9.0 Long Blades
 - Level 8.1 Armour
 - Level 7.0 Dodging
 - Level 8.1 Shields
 - Level 7.0 Spellcasting
 + Level 5.0 Invocations
 - Level 2.0 Evocations


You had 25 spell levels left.
You didn't know any spells.

Dungeon Overview and Level Annotations

Branches:
Dungeon (11/15)            Temple (1/1) D:4            Lair (0/6) D:10
    Orc (0/2) D:10

Altars:
Ashenzari
Cheibriados
Dithmenos
Elyvilon
Gozag
Hepliaklqana
Kikubaaqudgha
Makhleb
Nemelex Xobeh
Okawaru
Qazlal
Ru
Sif Muna
Trog
Uskayaw
Vehumet
Xom
Yredelemnul
Zin
The Shining One
Beogh

Shops:
D:5 }   D:10 }

Annotations:
D:10 Harold


Message History

You slash Harold! You freeze Harold.
Harold is severely wounded.
Harold casts a spell at you. The bolt of fire hits you!
* * * LOW HITPOINT WARNING * * *
You hit Harold. You freeze Harold.
Harold is severely wounded.
You block Harold's attack.
You hit Harold. You freeze Harold.
Harold is severely wounded.
You feel yourself speed up.
Harold gestures wildly while chanting.
Harold blinks!
You feel very mighty all of a sudden.
You feel agile all of a sudden.
Harold gestures wildly while chanting.
Harold blinks!
Harold gestures at you while chanting. The bolt of fire hits you!
You die...

#.#..)...####)#
#.#.##........######
...................#
#.#.###...##..##.#.#
...........#..##.#.#
.....##....#..##.#.#
..#.###.#..#..##.#.#
#.#.###.......##.#.###
............@...@..(.#
..#.###.##.#..##ยง#.###
#.#.###.##.>.....#.#
.........#.#..#..#.#
#.#.###.## #..#..#.####
#.#.########...........
....#.....#......######
#.###.....###.#..# #.#
#.._..# #.#..#


You could see Harold.

Vanquished Creatures
  Erica (D:10)
  The ghost of flt the Nimble, a journeyman MfTm of Cheibriados (D:9)
  3 death yaks (D:10)
  2 two-headed ogres (D:10)
  Pikel (D:7)
  2 centaur skeletons (D:9)
  2 hippogriffs
  Sigmund (D:5)
  4 yaks (D:10)
  16 orc warriors
  A slave (D:7)
  A black bear (D:8)
  4 ice beasts
  3 ogres
  4 centaurs
  A crocodile (D:7)
  9 bullfrogs
  5 big kobolds
  A wyvern zombie (D:7)
  5 scorpions
  3 killer bees (D:7)
  9 wights
  5 howler monkeys
  4 crimson imps
  A gnoll shaman (D:4)
  A jelly (D:5)
  5 orc priests
  A bullfrog skeleton (D:7)
  5 hounds
  7 orc wizards
  2 iguanas
  5 worker ants
  A hound zombie (D:4)
  2 hound skeletons
  A worker ant zombie (D:7)
  Robin (D:1)
  9 adders
  23 gnolls
  A shadow imp (D:7)
  3 adder skeletons
  5 worms
  6 leopard geckos
  66 orcs
  7 giant cockroaches
  33 hobgoblins
  12 jackals
  13 kobolds
  3 quokkas
  7 bats
  5 frilled lizards
  31 goblins
  A leopard gecko zombie (D:5)
  5 rats
350 creatures vanquished.

Notes
Turn   | Place    | Note
-------+----------+-------------------------------------------
     0 | D:1      | Popi the Human Fighter began the quest for the Orb.
     0 | D:1      | Reached XP level 1. HP: 18/18 MP: 1/1
   209 | D:1      | Reached XP level 2. HP: 12/24 MP: 2/2
   417 | D:1      | Reached skill level 3 in Long Blades
   587 | D:1      | Reached XP level 3. HP: 29/29 MP: 3/3
   900 | D:2      | Reached XP level 4. HP: 27/35 MP: 4/4
   966 | D:2      | Reached skill level 4 in Long Blades
  1091 | D:2      | Noticed Robin
  1295 | D:1      | Killed Robin
  1721 | D:2      | Reached XP level 5. HP: 31/41 MP: 5/5
  1812 | D:2      | Reached skill level 5 in Long Blades
  2393 | D:3      | Found a sacrificial altar of Ru.
  2600 | D:3      | Reached XP level 6. HP: 42/47 MP: 6/6
  3419 | D:3      | Reached XP level 7. HP: 52/52 MP: 7/7
  3722 | D:4      | Found a staircase to the Ecumenical Temple.
  3762 | Temple   | Entered the Ecumenical Temple
  3944 | D:4      | Reached skill level 5 in Armour
  4271 | Temple   | Became a worshipper of the Shining One
  4994 | D:4      | Found a glowing silver altar of Zin.
  4994 | D:4      | Found a basalt altar of Yredelemnul.
  5054 | D:5      | Entered Level 5 of the Dungeon
  5293 | D:5      | Found Toelirr's Gadget Emporium.
  5362 | D:5      | Found a white marble altar of Elyvilon.
  5389 | D:5      | Reached XP level 8. HP: 61/61 MP: 8/8
  5451 | D:5      | Noticed Sigmund
  5463 | D:5      | Killed Sigmund
  5463 | D:5      | Reached skill level 5 in Fighting
  5463 | D:5      | Reached skill level 5 in Shields
  5470 | D:5      | Reached skill level 1 in Dodging
  5470 | D:5      | Reached skill level 1 in Invocations
  6132 | D:5      | Reached XP level 9. HP: 62/68 MP: 10/10
  6314 | D:5      | Reached * piety under the Shining One
  6502 | D:6      | Reached skill level 5 in Dodging
  6502 | D:6      | Reached skill level 1 in Evocations
  7138 | D:6      | Reached ** piety under the Shining One
  7337 | D:7      | Got a fine robe
  7418 | D:7      | Noticed a hippogriff
  7429 | D:7      | Killed a hippogriff
  7429 | D:7      | Reached skill level 6 in Long Blades
  7429 | D:7      | Reached XP level 10. HP: 72/74 MP: 12/12
  7603 | D:7      | Reached skill level 7 in Long Blades
  7734 | D:7      | Noticed Pikel
  7763 | D:7      | Killed Pikel
  7763 | D:7      | Reached skill level 8 in Long Blades
  7911 | D:8      | Found a flagged portal.
  7963 | Bailey   | Entered a bailey
  8099 | Bailey   | Noticed an orc knight
  8975 | D:8      | Reached XP level 11. HP: 67/79 MP: 13/13
  9661 | D:9      | Found an opulent altar of Gozag.
  9681 | D:9      | Reached skill level 1 in Spellcasting
  9693 | D:9      | Reached *** piety under the Shining One
 10534 | D:9      | Found a hazy altar of Hepliaklqana.
 10549 | D:9      | Noticed flt's ghost (journeyman MfTm)
 10727 | D:9      | Killed flt's ghost
 10953 | D:9      | You fall through a shaft!
 10953 | D:10     | Entered Level 10 of the Dungeon
 10953 | D:10     | Noticed a death yak
 10962 | D:10     | Noticed a death yak
 10963 | D:10     | Noticed a death yak
 10994 | D:10     | Killed a death yak
 10994 | D:10     | Reached skill level 5 in Spellcasting
 11023 | D:10     | Killed a death yak
 11050 | D:10     | Killed a death yak
 11329 | D:10     | Noticed a two-headed ogre
 11353 | D:10     | Killed a two-headed ogre
 11551 | D:10     | Found a staircase to the Lair.
 11561 | D:10     | Noticed Erica
 11640 | D:10     | Found Dakhleg's Gadget Shoppe.
 11648 | D:10     | Bought a wand of disintegration (14/24) for 234 gold pieces
 11686 | D:10     | Reached XP level 12. HP: 54/86 MP: 22/22
 11769 | D:10     | Reached skill level 5 in Invocations
 11778 | D:10     | Found a roughly hewn altar of Beogh.
 11801 | D:10     | Noticed a two-headed ogre
 11823 | D:10     | Killed a two-headed ogre
 11877 | D:10     | Reached skill level 9 in Long Blades
 11890 | D:10     | Found a staircase to the Orcish Mines.
 11933 | D:10     | Found a roughly hewn altar of Beogh.
 12085 | D:10     | Killed Erica
 12165 | D:10     | Noticed Harold
 12351 | D:10     | Killed from afar by Harold

Skill      XL: |  1  2  3  4  5  6  7  8  9 10 11 12 |
---------------+-------------------------------------+-----
Long Blades    | 3 4 5 6 8 9 |  9.0
Armour         | 4 5 8 |  8.1
Shields        | 4 5 8 |  8.1
Fighting       | 4 5 6 |  6.2
Dodging        | 4 5 7 |  7.0
Invocations    | 2 3 4 5 |  5.0
Evocations     | 2 |  2.0
Spellcasting   | 7 |  7.0

Action                   |  1- 3 |  4- 6 |  7- 9 | 10-12 || total
-------------------------+-------+-------+-------+-------++-------
Melee: Long sword        |    69 |   271 |   572 |       ||   912
       Falchion          |       |       |   139 |   984 ||  1123
Evoke: Wand              |       |       |       |    14 ||    14
  Use: Scroll            |     1 |     2 |     7 |    13 ||    23
       Potion            |       |       |     6 |    14 ||    20
  Eat: Chunk             |       |     8 |    15 |    12 ||    35
       Meat ration       |       |       |       |     1 ||     1
Armor: Scale mail        |    33 |       |       |       ||    33
       Plate armour      |       |   193 |   363 |   368 ||   924
       Skin              |       |       |       |    71 ||    71
Dodge: Dodged            |    38 |    51 |    43 |    95 ||   227
Block: Large shield      |       |    57 |   672 |   916 ||  1645
       Rpst.: Long sword |    11 |     7 |     8 |       ||    26
       Falchion          |       |       |     7 |    23 ||    30
